 Dungeon Crawl Stone Soup version 0.29-a0-106-g0a07039d5a (webtiles) character file.

Game seed: 14051087981943053126

0 cyrus the Sneak (level 1, -3/17 HPs)
             Began as a Vampire Delver on Feb 16, 2022.
             Slain by a scorpion (8 damage)
             ... on level 5 of the Dungeon.
             The game lasted 00:00:22 (30 turns).

cyrus the Sneak (Vampire Delver)                      Turns: 30, Time: 00:00:23

Health: -3/17      AC:  3    Str: 11    XL:     1   Next: 0%
Magic:  1/1        EV: 12    Int: 12    God:
Gold:   0          SH:  0    Dex: 15    Spells: 0/0 levels left

rFire   . . .      SeeInvis +   a - +0 falchion
rCold   . . .      Faith    .   (no shield)
rNeg    . . .      Spirit   .   b - +0 leather armour
rPois   .          Reflect  .   (no helmet)
rElec   .          Harm     .   (no cloak)
rCorr   .          Rampage  .   (no gloves)
Will    .....                   (no boots)
Stlth   +++.......              (no amulet)
HPRegen 0.25/turn               (no ring)
MPRegen 0.07/turn               (no ring)

@: healing quickly
A: alive, fangs 3, see invisible, vampiric 1
a: Exsanguinate


You were on level 5 of the Dungeon.
You visited 1 branch of the dungeon, and saw 1 of its levels.

Inventory:

Hand Weapons
 a - a +0 falchion (weapon)
Armour
 b - a +0 leather armour (worn)
Wands
 g - a wand of digging (3)
Scrolls
 d - a scroll of magic mapping
 e - a scroll of fear
Potions
 f - a potion of haste


   Skills:
 + Level 2.6 Fighting
 + Level 2.0 Long Blades
 + Level 2.1 Dodging
 + Level 7.2 Stealth


You couldn't memorise any spells.
You didn't know any spells.
Your spell library was empty.

Dungeon Overview and Level Annotations

Branches:
Dungeon (5/15)
 Temple: D:4-7

Altars:

Annotations:
D:5 Edmund


Innate Abilities, Weirdness & Mutations

Your natural rate of healing is accelerated.
You have razor-sharp teeth.
You have supernaturally acute eyesight. (SInv)
You are afflicted with vampirism.


Message History

Welcome, cyrus the Vampire Delver.
It is said that the Orb of Zot exists deep within this dungeon.
Press ? for a list of commands and other information.
Found a rapier.
Found a stone staircase leading down.
You see here a +0 rapier.
Found a shiny chain mail.
Edmund the Younger comes into view.
He is wielding a +1 flail of protection.
Edmund shouts!
You hear a shout! x4
A scorpion comes into view.
The scorpion stings the plant!
The plant begins to die.
The scorpion stings the plant!
Something stings the plant.
The plant begins to die.
As you read the scroll of fog, it crumbles to dust.
The scroll dissolves into smoke.
Edmund closely misses you.
You closely miss Edmund. Your bite misses Edmund. Edmund barely misses you.
Edmund hits you with a +1 flail of protection.
You hit Edmund but do no damage.
Edmund hits you with a +1 flail of protection.
You hit Edmund but do no damage.
Edmund hits you with a +1 flail of protection.
* * * LOW HITPOINT WARNING * * *
The scorpion completely misses you.
You hit Edmund but do no damage. The scorpion stings you!
You die...

##### ##... #
#... .##
#####§## ..#
##...§§§##
#..#
#....§§@§##..#
#######@s§...#
#§§§...#
#§...###
#...## #...#
#...###
#s....#
#.....#


You could see Edmund and a scorpion.

Vanquished Creatures (others)
  8 plants (D:5)
8 creatures vanquished.

Notes
Turn   | Place    | Note
-------+----------+-------------------------------------------
     0 | D:5      | cyrus the Vampire Delver began the quest for the Orb.
     0 | D:5      | Reached XP level 1. HP: 17/17 MP: 1/1
    12 | D:5      | Noticed Edmund
    15 | D:5      | Noticed a scorpion
    30 | D:5      | Slain by a scorpion

Illustrated notes

Levels and vault maps discovered:
D:5:      wad_woods_stonehenge, layout_cave_pools, minmay_overflow_temple_hex,
          minivault_14, minmay_small_thing, uniq_pikel, uniq_crazy_yiuf_cottage,
          uniq_blork_the_orc, uniq_edmund

Action                   || total
-------------------------++-------
Melee: Falchion          ||     4
  Use: Scroll            ||     1
Dodge: Dodged            ||     3

Table legend: (Time is in decaauts)
 A = Elapsed time spent in this place.
 B = Non-inter-level travel time spent in this place.
 C = Inter-level travel time spent in this place.
 D = Time resting spent in this place.
 E = Time spent auto-exploring this place.
 F = Levels seen in this place.
 G = Mean time per level.
                   A        B        C        D        E       F      G
               +--------+--------+--------+--------+--------+-----+--------+
         Total |     30 |     30 |      0 |      0 |      0 |   1 |   30.0 |
       Dungeon |     30 |     30 |      0 |      0 |      0 |   1 |   30.0 |
               +--------+--------+--------+--------+--------+-----+--------+

Top non-repeatable levels by time:
     D:5: 30 daAuts
